AoeStats
← hualiya44

Oasis

509773660Analyzed
4v4 RM · 3d ago on Sep 28, 2026· 22m 43s· 8 players
Game mode
Random Map
Map size
Large (8 player)
Population
200
Speed
Normal
Resources
Standard
Victory
Conquest
Starting age
Dark Age
Ending age
Imperial Age
RankedLock teamsTeams togetherTeam positionsShared explorationLock speedFull tech treeHidden civsTurbo modeCheats
Victory
Defeat
🇵🇪 Lithuanians · Peru
1371
+14
🇺🇸 Franks · United States
1330
+16
🇦🇷 Chinese · Argentina
1291
+17
🇨🇱 Berbers · Chile
1284
+18
🇨🇱 Hindustanis · Chile
1394
-20
🇦🇷 Dravidians · Argentina
1377
-18
🇦🇷 Gurjaras · Argentina
1268
-14
🇦🇷 Bengalis · Argentina
1248
-13
Criminalss
7:12 Loom
9:28 Feudal Age
13:55 Wheelbarrow
16:56 Scale Barding Armor
17:46 Forging
17:43 Town Watch
18:12 Bloodlines
LYR92426
11:17 Feudal Age
13:24 Loom
14:14 Wheelbarrow
16:02 Castle Age
14:07 Loom
15:47 Scale Barding Armor
15:53 Forging
16:27 Double-Bit Axe
19:05 Husbandry
22:59 Chain Barding Armor
Loius
0:43 Loom
13:04 Feudal Age
14:43 Double-Bit Axe
17:46 Fletching
17:56 Padded Archer Armor
tomitom
6:13 Loom
8:31 Feudal Age
9:15 Double-Bit Axe
12:56 Fletching
23:03 Castle Age
21:22 Horse Collar
LaPosta
0:44 Loom
10:48 Feudal Age
11:30 Double-Bit Axe
13:30 Bloodlines
14:12 Scale Barding Armor
17:53 Horse Collar
19:57 Forging
23:50 Castle Age
22:27 Gold Mining
bigapple334
5:39 Loom
9:50 Loom
12:21 Feudal Age
13:08 Double-Bit Axe
16:54 Fletching
17:10 Padded Archer Armor
hualiya44
0:29 Loom
10:11 Feudal Age
11:08 Double-Bit Axe
12:54 Horse Collar
19:03 Wheelbarrow
19:24 Bloodlines
19:30 Scale Barding Armor
22:01 Castle Age
20:25 Forging
21:31 Gold Mining
el maldito asfalto
9:17 Loom
12:11 Feudal Age
20:52 Castle Age
22:27 Fletching
Connection lost

Rejoining the realm…

Still unreachable

The connection could not be restored.

Session expired

The server has moved on; the page needs a fresh start.